Map: 데이터-C

Players

QuanTa

  • Race: Terran Terran
  • League: Grandmaster
  • Spawn Location: 3:00

견쌍섭 - Winner!

  • Race: Zerg Zerg
  • League: Master
  • Spawn Location: 9:00

VOD

Have the link to the VOD?

Description

Time

  • Played on: Jan. 4, 2023, 1:15 a.m.
  • Length: 11:30
Show
View Real Time Build Order
Export as new Build Order

QuanTa Terran 

Build Orders: Reaper Expand, Hellion Banshee, Mech 

Get SALT Encoding   

  12  0:00  SCV  
  13  0:12  SCV  
  14  0:17  Supply Depot  
  14  0:24  SCV  
  15  0:38  SCV  
  15  0:39  Barracks  
  16  0:44  Refinery  
  16  0:50  SCV  
  17  1:02  SCV  
  18  1:15  SCV  
  19  1:27  Orbital Command, Reaper  
  20  1:41  Command Center  
  20  1:49  Supply Depot  
  20  1:52  SCV  
  21  1:59  Marine  
  22  2:04  SCV  
  23  2:12  Factory  
  23  2:16  SCV  
  23  2:22  Barracks Reactor  
  24  2:29  SCV  
  25  2:41  Bunker  
  25  2:42  SCV  
  26  2:47  Command Center  
  26  2:54  Orbital Command  
  26  3:05  Starport  
  26  3:12  SCV, Refinery  
  27  3:17  Barracks Tech Lab  
  27  3:20  SCV  
  27  3:24  SCV  
  29  3:27  Hellion  
  29  3:29  Hellion  
  33  3:36  SCV  
  33  3:38  SCV  
  35  3:48  SCV  
  35  3:51  Banshee, SCV  
  35  3:52  Hellion  
  35  3:53  Hellion  
  44  3:55  Marine  
  44  4:00  Orbital Command  
  44  4:01  SCV  
  46  4:03  Cloaking Field  
  44  4:10  SCV  
  44  4:13  SCV  
  44  4:15  Orbital Command  
  44  4:16  Hellion x2  
  50  4:23  SCV  
  51  4:25  SCV  
  52  4:32  Supply Depot  
  52  4:34  Banshee  
  52  4:36  SCV, Refinery  
  52  4:37  SCV, Refinery  
  57  4:40  Hellion x2  
  61  4:53  Supply Depot  
  61  4:54  SCV x3  
  61  4:55  Supply Depot  
  64  5:01  Armory  
  64  5:02  Armory  
  64  5:06  SCV x3  
  69  5:07  Hellion  
  69  5:15  Hellion  
  69  5:18  SCV x2  
  73  5:22  Factory, Barracks Tech Lab  
  73  5:23  Factory  
  73  5:25  SCV  
  74  5:28  Supply Depot  
  74  5:31  SCV  
  74  5:32  SCV  
  76  5:36  Supply Depot  
  76  5:38  Refinery  
  76  5:39  Refinery  
  76  5:41  SCV  
  77  5:44  SCV x2  
  77  5:49  Terran Vehicle Weapons Level 1, Supply Depot, Terran Vehicle And Ship Armor Level 1  
  79  6:03  SCV  
  75  6:04  SCV  
  75  6:11  SCV  
  69  6:13  Starport Reactor  
  69  6:14  Hellion x2  
  69  6:15  Thor  
  69  6:16  Thor, SCV  
  87  6:18  SCV  
  87  6:23  SCV  
  85  6:28  SCV  
  85  6:30  SCV, Supply Depot  
  85  6:32  Supply Depot  
  87  6:35  Supply Depot  
  87  6:36  SCV  
  87  6:38  Hellion  
  90  6:40  SCV  
  90  6:43  Engineering Bay  
  90  6:45  Engineering Bay  
  91  6:47  SCV  
  91  6:48  SCV  
  91  6:49  Supply Depot  
  91  6:52  SCV  
  91  6:54  Medivac x2  
  96  6:59  SCV  
  96  7:00  Thor, SCV  
  106  7:04  SCV  
  106  7:06  Thor  
  113  7:13  Thor  
  107  7:19  Factory  
  107  7:20  Factory, Hellion x2  
  109  7:23  SCV x3  
  109  7:26  Medivac x2  
  114  7:35  SCV x3  
  115  7:40  Sensor Tower  
  115  7:44  Terran Vehicle Weapons Level 2  
  115  7:46  Missile Turret  
  115  7:49  Terran Vehicle And Ship Armor Level 2  
  115  7:50  Command Center  
  115  7:56  SCV x3  
  115  7:57  Siege Tank  
  121  8:03  Siege Tank, Hellion x2  
  116  8:20  Hellion x2  
  96  8:29  Siege Tank  
  97  8:37  Orbital Command  
  97  8:41  Siege Tank, Hellion x2  
  106  8:44  Factory Tech Lab, Factory Reactor  
  104  8:50  SCV x2  
  104  8:51  Command Center  
  104  9:01  Siege Tank  
  107  9:06  SCV x3  
  110  9:16  Supply Depot  
  110  9:25  Supply Depot  
  110  9:26  Supply Depot x2  
  110  9:47  Siege Tank, Hellion x2  
  117  9:59  Thor x2  
  106  10:09  Hellion  
  105  10:19  Siege Tank  
  105  10:20  SCV  
  108  10:21  SCV  
  109  10:44  SCV  
  109  10:45  SCV  
  111  10:54  Siege Tank  
  111  10:55  Hellion  
  111  10:57  SCV x2  
  112  11:09  SCV  
Show
View Real Time Build Order
Export as new Build Order

견쌍섭 Zerg - Winner!

Build Orders: Hatch First 

Get SALT Encoding   

  12  0:00  Drone  
  13  0:12  Overlord  
  13  0:17  Drone  
  14  0:30  Drone x2  
  16  0:50  Hatchery  
  16  0:52  Drone  
  16  0:56  Drone  
  17  0:59  Drone  
  18  1:10  Extractor  
  17  1:14  Spawning Pool  
  17  1:17  Drone  
  17  1:22  Drone  
  18  1:28  Drone  
  19  1:38  Drone  
  20  2:01  Zergling x4  
  20  2:02  Queen x2, Zergling x2  
  27  2:11  Overlord  
  27  2:14  Drone  
  28  2:26  Metabolic Boost  
  28  2:30  Drone x2  
  30  2:38  Hatchery  
  29  2:45  Drone x3  
  32  2:51  Queen  
  32  2:54  Drone  
  35  2:59  Overlord  
  35  3:02  Zergling x2  
  36  3:10  Overlord  
  36  3:24  Drone x4  
  36  3:25  Drone  
  41  3:28  Queen  
  41  3:31  Queen  
  45  3:34  Drone x2  
  47  3:43  Drone x2  
  47  3:45  Drone x3  
  52  3:51  Overlord  
  52  3:52  Drone  
  52  3:53  Drone  
  54  4:09  Drone  
  56  4:10  Drone x4, Queen  
  56  4:11  Drone  
  56  4:13  Queen  
  56  4:15  Overlord  
  64  4:21  Drone  
  65  4:25  Overlord  
  65  4:26  Overlord  
  65  4:32  Overlord, Queen  
  65  4:36  Drone x2  
  69  4:40  Spore Crawler  
  69  4:41  Spore Crawler  
  69  4:42  Spore Crawler  
  69  4:43  Drone x4  
  69  4:44  Drone x2  
  72  4:46  Drone  
  72  4:48  Drone  
  72  4:50  Drone  
  74  4:54  Lair  
  74  4:55  Drone x2  
  76  5:00  Zergling x2  
  76  5:03  Zergling x6  
  76  5:05  Drone  
  81  5:08  Extractor, Drone  
  81  5:09  Extractor, Evolution Chamber  
  81  5:10  Evolution Chamber  
  81  5:11  Drone  
  79  5:18  Drone x2  
  79  5:19  Extractor x2  
  79  5:20  Drone x2  
  79  5:21  Extractor  
  80  5:22  Drone  
  80  5:23  Drone  
  80  5:27  Roach Warren  
  80  5:28  Drone x2  
  83  5:33  Drone  
  84  5:38  Zerg Missile Weapons Level 1, Hatchery, Zerg Ground Armor Level 1  
  84  5:40  Drone x2  
  85  5:47  Drone x6  
  91  5:52  Overseer  
  91  5:55  Zergling x8  
  95  5:59  Zergling x4  
  96  6:10  Glial Reconstitution  
  96  6:13  Overlord, Drone  
  97  6:24  Overlord  
  97  6:27  Overlord  
  97  6:29  Overlord  
  97  6:30  Overseer  
  97  6:33  Extractor, Overlord, Roach x4  
  97  6:35  Overlord  
  97  6:36  Overlord  
  104  6:41  Overlord x2  
  104  6:43  Pneumatized Carapace, Roach x4  
  104  6:46  Roach x3  
  118  6:48  Roach  
  118  6:51  Roach  
  118  6:52  Roach  
  124  6:59  Roach x2  
  128  7:01  Roach  
  128  7:02  Roach  
  128  7:06  Roach x2  
  128  7:07  Roach  
  128  7:08  Roach  
  140  7:12  Roach  
  140  7:13  Roach  
  143  7:15  Roach  
  143  7:16  Roach x3  
  143  7:18  Roach x3  
  143  7:22  Roach x2  
  157  7:25  Roach  
  157  7:27  Roach  
  157  7:29  Queen x2, Zergling x2  
  165  7:31  Roach x2  
  165  7:32  Roach  
  171  7:37  Ravager  
  171  7:38  Overlord, Ravager  
  171  7:39  Overlord  
  171  7:41  Overseer  
  171  7:42  Roach  
  171  7:43  Overlord  
  175  7:47  Overlord  
  175  7:50  Overlord, Ravager  
  175  7:51  Overlord  
  176  7:53  Overlord  
  176  7:55  Overlord  
  176  7:56  Overlord  
  176  8:00  Ravager x3  
  176  8:01  Roach x2  
  176  8:02  Roach  
  176  8:05  Roach x2  
  189  8:06  Roach  
  189  8:08  Roach  
  192  8:16  Roach x4  
  192  8:18  Roach  
  192  8:19  Roach  
  189  8:20  Roach x2  
  189  8:21  Roach  
  189  8:27  Roach x3  
  187  8:29  Drone x3  
  187  8:35  Roach x2  
  187  8:38  Drone x6  
  191  8:44  Infestation Pit  
  190  9:03  Zerg Ground Armor Level 2, Zerg Missile Weapons Level 2  
  190  9:06  Extractor  
  190  9:07  Extractor, Drone  
  190  9:08  Drone x9  
  198  9:23  Hatchery, Hive  
  197  9:26  Spore Crawler  
  197  9:29  Hydralisk Den  
  195  9:37  Overlord  
  195  9:47  Overlord  
  195  9:51  Spore Crawler x2  
  195  9:52  Spore Crawler  
  188  9:53  Spore Crawler  
  188  9:54  Spore Crawler  
  170  10:02  Hydralisk, Spore Crawler  
  170  10:03  Hydralisk x14, Grooved Spines  
  183  10:11  Zergling x8  
  173  10:20  Roach x8  
  173  10:21  Roach x2  
  181  10:26  Roach  
  183  10:34  Zergling x8  
  180  10:43  Zergling x10  
  166  10:54  Viper x3  
  175  10:58  Extractor, Drone  
  175  10:59  Drone x5  
  171  11:20  Spore Crawler x2  
Tags
 
Add a new tag
Caveats
  • Supply blocks, unpowered buildings, or Contaminate may cause inaccurate times.
  • Supply counts are checked every 10 seconds.